 Dungeon Crawl Stone Soup version 0.18-a0-1526-gcb34c7c (webtiles) character file.

141106 Snupthedog the Slayer (level 17, 205/205 HPs)
             Began as an Ogre Wizard on July 11, 2015.
             Was a High Priest of Makhleb.
             Drowned
             ... on level 1 of the Spider Nest on Mar 8, 2016.
             The game lasted 03:49:13 (35166 turns).

Snupthedog the Slayer (Ogre Wizard)                Turns: 35166, Time: 03:49:13

Health: 205/205    AC: 21    Str: 21    XL:     17   Next: 32%
Magic:  42/42      EV:  9    Int: 19    God:    Makhleb [*****.]
Gold:   2737       SH:  0    Dex: 11    Spells: 6 memorised, 28 levels left

rFire  . . .     SeeInvis +     m - +6 giant spiked club
rCold  . . .     Gourm    .     P - +3 pearl dragon armour
rNeg   + + +     Faith    .     (shield currently unavailable)
rPois  +         Spirit   .     b - +1 hat
rElec  .         Dismiss  .     U - +0 cloak
rCorr  .         Reflect  .     (gloves unavailable)
SustAt .         Harm     .     (boots unavailable)
MR     +....                    p - amulet of regeneration
Stlth  ..........               g - ring "Miydd" {MP+9 Str+3 Dex-2 Slay+5 SInv}
                                J - ring of Nagoos {+Fly rPois rN+++ SInv Stlth-}

@: somewhat resistant to hostile enchantments, extremely unstealthy
A: unfitting armour, horns 1, talons 1, slimy green scales 1, agile 1, clever 1,
sense surroundings 1, tough skin 1
a: Minor Destruction, Lesser Servant of Makhleb, Major Destruction, Greater
Servant of Makhleb, Renounce Religion, Evoke Flight


You were on level 1 of the Spider Nest.
You worshipped Makhleb.
Makhleb was extremely pleased with you.
You were not hungry.

You visited 6 branches of the dungeon, and saw 31 of its levels.
You also visited: Labyrinth, Bailey and Volcano.

You collected 4353 gold pieces.
You spent 1616 gold pieces at shops.

Inventory:

Hand Weapons
 m - a +6 giant spiked club (weapon)
Missiles
 S - 13 large rocks (quivered)
Armour
 b - a +1 hat (worn)
 P - a +3 pearl dragon armour (worn)
 U - a +0 cloak (worn)
Jewellery
 g - the ring "Miydd" (right hand) {MP+9 Str+3 Dex-2 Slay+5 SInv}
   (You bought it in a shop on level 8 of the Dungeon)

   [ring of see invisible]

   It affects your strength (+3).
   It affects your dexterity (-2).
   It affects your accuracy and damage with ranged weapons and melee attacks
   (+5).
   It affects your magic capacity (+9).
   It lets you see invisible.
 i - an uncursed amulet of dismissal
 p - an amulet of regeneration (around neck)
 t - a +6 ring of slaying
 z - an uncursed amulet of the gourmand
 J - the ring of Nagoos (left hand) {+Fly rPois rN+++ SInv Stlth-}
   (You bought it in a shop on level 4 of the Orcish Mines)

   [ring of flight]

   It protects you from poison.
   It renders you almost immune to negative energy.
   It lets you see invisible.
   It lets you fly.
   It makes you less stealthy.
Wands
 c - a wand of paralysis (4/24)
 e - a wand of random effects (13/48)
 v - a wand of disintegration (11/24)
 C - a wand of heal wounds (3/9)
 F - a wand of paralysis (10/24)
 H - a wand of confusion (40/48)
 L - a wand of teleportation (2/9)
 X - a wand of acid (4/15)
Scrolls
 a - 2 scrolls of torment
 h - 2 scrolls of recharging
 k - 2 scrolls of silence
 l - 8 scrolls of remove curse
 o - 5 scrolls of amnesia
 w - 4 scrolls of fog
 y - 4 scrolls of fear
 B - 12 scrolls of identify
Potions
 j - 2 potions of cure mutation
 q - a potion of heal wounds
 s - 2 potions of magic
 D - 7 potions of curing
 E - a potion of flight
 G - a potion of might
 K - 2 potions of lignification
 Q - 4 potions of mutation
Books
 r - a book of Changes

   Spells                             Type                      Level
   a - Beastly Appendage              Transmutation                1
   b - Sticks to Snakes               Transmutation                2
   c - Spider Form                    Transmutation/Poison         3
   d - Ice Form                       Ice/Transmutation            4
   e - Blade Hands                    Transmutation                5
 I - a book of Annihilations

   Spells                             Type                      Level
   a - Poison Arrow                   Conjuration/Poison           6
   b - Chain Lightning                Conjuration/Air              8
   c - Lehudib's Crystal Spear        Conjuration/Earth            8
   d - Glaciate                       Conjuration/Ice              9
   e - Fire Storm                     Conjuration/Fire             9
 Z - a book of Unlife

   Spells                             Type                      Level
   a - Recall                         Summoning/Translocation      3
   b - Animate Dead                   Necromancy                   4
   c - Control Undead                 Necromancy                   4
   d - Cigotuvi's Embrace             Necromancy                   5
   e - Death Channel                  Necromancy                   6
   f - Simulacrum                     Ice/Necromancy               6
Comestibles
 d - 15 bread rations
 n - 10 meat rations
 N - 7 royal jellies
 T - 12 fruits
 Y - 18 beef jerkies


   Skills:
 - Level 21.3(17.3) Fighting
 - Level 17.2(13.2) Maces & Flails
 + Level 4.6(2.3) Throwing
 - Level 11.8(7.8) Armour
 - Level 9.1(5.1) Dodging
 - Level 1.5(0.7) Stealth
 - Level 12.8(8.8) Spellcasting
 - Level 0.6(0.3) Conjurations
 - Level 0.6(0.3) Summonings
 - Level 0.6(0.3) Translocations


You had 28 spell levels left.
You knew the following spells:

 Your Spells              Type           Power        Failure   Level  Hunger
a - Magic Dart            Conj           #...         21%         1    None
b - Blink                 Tloc           N/A          34%         2    None
c - Call Imp              Summ           #.......     34%         2    None
d - Conjure Flame         Conj/Fire      #.......     78%         3    None
e - Repel Missiles        Chrm/Air       #.....       38%         2    None
f - Mephitic Cloud        Conj/Pois/Air  #.......     78%         3    None


Dungeon Overview and Level Annotations

Branches:
Dungeon (15/15)            Temple (1/1) D:7            Lair (8/8) D:10
 Shoals (0/4) Lair:5       Spider (2/4) Lair:4        Slime (0/6) Lair:6
    Orc (4/4) D:11            Elf (1/3) Orc:4        Vaults (0/5) D:13
 Depths (0/5) D:15

Altars:
Ashenzari
Cheibriados
Elyvilon
Fedhas
Gozag
Kikubaaqudgha
Makhleb
Nemelex Xobeh
Okawaru
Ru
Sif Muna
Trog
Vehumet
Xom
Yredelemnul
Zin
The Shining One
Beogh

Shops:
D:7 (   D:8 =   D:9 :   D:11 (   D:12 !   Orc:2 (   Orc:4 =[*(

Annotations:
D:10 exclusion: 2 statues
Elf:1 Donald


Innate Abilities, Weirdness & Mutations

You are too large for most types of armour.
You have tough skin (AC +1).
You have a pair of small horns on your head.
You have sharp toenails.
You are partially covered in slimy green scales (AC +2).
You are agile. (Dex +2)
Your mind is acute. (Int +2)
You passively map a small area around you.


Message History

Aim: an electric eel (water)
You throw a large rock. The large rock hits the electric eel!!
You kill the electric eel!
Makhleb accepts your kill.
You feel better.
You hear a splash. x2
S - 11 large rocks (gained 1)
You see here the guardian serpent skeleton of Aizul.
S - 12 large rocks (gained 1)
S - 13 large rocks (gained 1) Partly explored, can't reach some places.
You feel very buoyant.
You fly up into the air.
You feel somewhat more hungry.
Careful!
You are starting to lose your buoyancy.
Okay, then.
Unknown command.
You float gracefully downwards.
You fall into the water!
You sink like a stone!
You drown...
You die...

#.....#.######
#........##≈≈## ####
#....#..##≈≈≈≈## ###≈≈##
#^..#....≈≈≈≈≈≈#######≈≈≈≈≈#
#......÷..#≈≈≈≈≈##≈≈≈≈≈≈≈≈≈#
#....##...>.≈≈≈≈≈≈≈≈≈≈≈≈≈≈≈#
#...........##≈≈≈≈≈≈#≈≈≈####
#..#..#..#...≈≈≈≈≈≈≈≈≈≈≈#
#............≈@≈≈≈≈≈≈≈≈##
#.........#.###≈≈≈#≈≈≈≈##
#..>.#...#### #≈≈≈≈≈≈≈≈≈#
#........# ###≈#≈≈≈≈##
##..#.##.# #####≈##
#........## ### ##.#..#...##
#.........# #^....#..##


There were no monsters in sight!

Vanquished Creatures
  Rupert (D:14)
  Frances (D:13)
  Gastronok (D:8)
  Agnes (Spider:1)
  Kirke (Lair:6)
  Maud (Lair:3)
  Aizul (Spider:1)
  An emperor scorpion (Spider:1)
  3 orc warlords
  Azrael (Spider:1)
  A deep elf demonologist (Elf:1)
  Snorg (Orc:1)
  An ettin (Orc:1)
  2 fire dragons (D:15)
  5 vault guards (D:13)
  An ogre mage (D:14)
  7 hydras
  5 centaur warriors
  A catoblepas (Lair:8)
  A tengu warrior (D:14)
  A death yak (Lair:8)
  A dancing weapon (Elf:1)
  3 orc high priests
  Urug (D:14)
  Sonja (D:15)
  2 deep elf knights
  Nergalle (Orc:4)
  9 skeletal warriors
  An unseen horror (shapeshifter) (D:14)
  A wizard (D:13)
  9 orc knights
  6 unseen horrors
  6 hill giants
  4 wolf spiders
  2 griffons
  4 orc sorcerers
  10 ugly things
  A hornet (Spider:1)
  2 orb spiders (Spider:1)
  A manticore (D:13)
  6 cyclopes
  10 elephants
  10 black mambas
  3 molten gargoyles (Volcano)
  15 spiny frogs
  A torpor snail (Lair:6)
  2 gargoyles
  A guardian serpent (Lair:8)
  4 demonic crawlers
  A kobold demonologist (D:11)
  5 komodo dragons
  4 rime drakes
  2 tengu conjurers
  4 two-headed ogres (D:14)
  3 jumping spiders
  A raiju (shapeshifter) (D:13)
  2 slime creatures (D:12)
  9 polar bears (Lair:8)
  10 trolls
  2 boulder beetles
  2 raiju (Lair:8)
  A queen bee (D:10)
  15 blink frogs
  2 removed
  MONS_TRAPDOOR_SPIDERs (Lab)
  A centaur simulacrum (D:14)
  4 shadows
  A tarantella (Spider:1)
  8 redbacks
  A wraith (D:12)
  2 basilisks
  A hog (Lair:6)
  4 fire bats
  A removed MONS_DEEP_ELF_FIGHTER (D:10)
  38 yaks
  2 fire elementals (Lair:4)
  A human (D:13)
  A hungry ghost (D:11)
  12 deep elf magi
  3 vampire mosquitoes (D:13)
  2 wyverns
  14 wargs
  5 hippogriffs
  2 soldier ants
  35 wolves
  2 mottled dragons
  7 hell hounds
  The ghost of Goblin1989 the Ruffian, an average VSMo (D:4)
  16 water moccasins
  10 wasps (Lair:8)
  10 porcupines
  18 ogres
  64 orc warriors
  13 black bears
  2 necrophages
  2 sky beasts
  6 ice beasts
  An eye of draining (D:14)
  2 phantoms
  12 centaurs
  3 big kobolds
  15 crocodiles
  22 giant frogs
  2 earth elementals (Volcano)
  A water moccasin zombie (D:9)
  A wyvern skeleton (D:11)
  15 scorpions
  A wyvern zombie (D:7)
  29 killer bees
  18 wights
  An electric eel (Spider:1)
  2 lava snakes
  A giant frog zombie (D:8)
  16 crimson imps
  A gnoll shaman (D:8)
  24 orc priests
  5 jellies
  39 orc wizards
  3 centaur zombies
  20 hounds
  16 worker ants
  A quasit (D:6)
  A centaur skeleton (D:12)
  2 giant frog skeletons
  9 iguanas
  A killer bee zombie (D:7)
  A worker ant zombie (D:6)
  17 gnolls
  22 adders
  78 river rats
  A shadow imp (D:9)
  6 oozes
  4 worms
  7 giant geckos
  158 orcs
  A bat zombie (D:6)
  9 giant cockroaches
  23 goblins
  16 hobgoblins
  18 jackals
  3 quokkas
  5 ball pythons
  A ball python skeleton (D:4)
  24 bats
  A giant gecko skeleton (D:4)
  6 giant newts
  A jackal zombie (D:7)
  37 kobolds
  A quokka skeleton (D:5)
  A quokka zombie (D:6)
  17 rats
  A fire vortex (Volcano)
  3 fungi
  3 plants
1236 creatures vanquished.

Vanquished Creatures (collateral kills)
  A blink frog (Lair:3)
  A raiju (Lair:8)
  A wolf (Lair:8)
  A hell hound (Lair:8)
  A sky beast (D:7)
  An ogre (D:8)
  A centaur (Lair:5)
  A killer bee (D:12)
  An orc wizard (D:4)
  An orc priest (D:7)
  A river rat (Lair:2)
  An adder skeleton (D:4)
  3 orcs (D:4)
  2 goblins (D:4)
  A hobgoblin (D:4)
  2 jackals (D:4)
  3 bats
  2 kobolds (D:4)
  2 rats (D:10)
27 creatures vanquished.

Vanquished Creatures (others)
  A minotaur (Lab)
  2 humans (Lair:6)
  A killer bee (D:10)
  An orc (D:13)
  A bush (Lair:8)
  38 fungi
  44 plants
88 creatures vanquished.

Grand Total: 1351 creatures vanquished

Notes
Turn   | Place    | Note
--------------------------------------------------------------
     0 | D:1      | Snupthedog the Ogre Wizard began the quest for the Orb.
     0 | D:1      | Reached XP level 1. HP: 16/16 MP: 5/5
   340 | D:1      | Reached XP level 2. HP: 24/24 MP: 1/7
   385 | D:1      | Learned a level 2 spell: Blink
   847 | D:1      | Reached skill level 1 in Maces & Flails
  1985 | D:2      | Reached XP level 3. HP: 32/32 MP: 4/8
  2048 | D:2      | Found a bloodstained altar of Trog.
  2171 | D:2      | Reached skill level 1 in Fighting
  2872 | D:2      | Found an ancient bone altar of Kikubaaqudgha.
  2904 | D:2      | Reached XP level 4. HP: 18/42 MP: 7/10
  2911 | D:2      | Learned a level 2 spell: Call Imp
  2915 | D:2      | Learned a level 3 spell: Conjure Flame
  3205 | D:2      | Found a radiant altar of Vehumet.
  3538 | D:2      | Reached skill level 5 in Spellcasting
  3917 | D:3      | Learned a level 2 spell: Repel Missiles
  4218 | D:4      | Found a shattered altar of Ashenzari.
  4232 | D:4      | Became a worshipper of Ashenzari the Shackled
  4248 | D:4      | Noticed Goblin1989's ghost (average VSMo)
  4301 | D:4      | Killed Goblin1989's ghost
  4301 | D:4      | Reached XP level 5. HP: 49/53 MP: 8/13
  4931 | D:4      | Reached XP level 6. HP: 52/62 MP: 14/14
  4941 | D:4      | Noticed an ogre
  4964 | D:4      | Killed an ogre
  5645 | D:4      | Learned a level 3 spell: Mephitic Cloud
  5655 | D:4      | Reached skill level 5 in Fighting
  5671 | D:4      | Reached XP level 7. HP: 60/72 MP: 11/16
  5901 | D:4      | Found a sparkling altar of Nemelex Xobeh.
  6402 | D:4      | Reached skill level 5 in Maces & Flails
  6517 | D:5      | Entered Level 5 of the Dungeon
  7194 | D:5      | Reached XP level 8. HP: 77/84 MP: 9/18
  7245 | D:5      | Found an iron altar of Okawaru.
  7246 | D:5      | Found an opulent altar of Gozag.
  7246 | D:5      | Found a sacrificial altar of Ru.
  7246 | D:5      | Found a white marble altar of Elyvilon.
  7247 | D:5      | Found a basalt altar of Yredelemnul.
  7285 | D:5      | Identified a scroll of acquirement
  7290 | D:5      | Got the cursed storm dragon armour of Bitterness {rElec rF++ rCorr}
  7311 | D:5      | Identified the cursed +1 storm dragon armour of Bitterness {rElec rF++ rCorr} (You acquired it on level 5 of the Dungeon)
  7491 | D:6      | Reached skill level 1 in Armour
  7578 | D:6      | Gained mutation: You have sharp toenails. [potion of mutation]
  7578 | D:6      | Gained mutation: You passively map a small area around you. [potion of mutation]
  7578 | D:6      | Gained mutation: You are agile. (Dex +2) [potion of mutation]
  7581 | D:6      | Found a blossoming altar of Fedhas.
  8759 | D:6      | Reached XP level 9. HP: 82/92 MP: 19/19
  9347 | D:7      | Found Hadoan's Antique Weapon Boutique.
  9388 | D:7      | Reached skill level 10 in Maces & Flails
  9907 | D:7      | Found a staircase to the Ecumenical Temple.
  9917 | Temple   | Entered the Ecumenical Temple
 10634 | D:8      | Noticed Gastronok
 11068 | D:8      | Found Uteafa's Jewellery Boutique.
 11350 | D:8      | Killed Gastronok
 11350 | D:8      | Reached XP level 10. HP: 13/100 MP: 16/20
 11648 | D:8      | Reached * piety under Ashenzari
 12316 | D:9      | Found Laniad's Book Emporium.
 12401 | D:9      | Reached skill level 15 in Maces & Flails
 12674 | D:9      | Found a shimmering altar of Xom.
 12675 | D:9      | Found a burning altar of Makhleb.
 13280 | D:10     | Entered Level 10 of the Dungeon
 13687 | D:10     | Noticed a hill giant
 13711 | D:10     | Killed a hill giant
 13861 | D:10     | Reached XP level 11. HP: 67/107 MP: 19/21
 14072 | D:10     | Noticed an archer statue
 14072 | D:10     | Noticed an archer statue
 14526 | D:11     | HP: 2/107 [orc priest/divine providence (12)]
 14667 | D:11     | Found a staircase to the Orcish Mines.
 15226 | D:8      | Bought the ring "Miydd" {MP+9 Str+3 Dex-2 Slay+5 SInv} for 631 gold pieces
 15486 | D:10     | Found a staircase to the Lair.
 15525 | Lair:1   | Entered Level 1 of the Lair of Beasts
 15654 | Lair:1   | Reached ** piety under Ashenzari
 15945 | Lair:1   | Noticed a hill giant
 15955 | Lair:1   | Killed a hill giant
 16499 | Lair:2   | Reached skill level 5 in Dodging
 16582 | Lair:2   | Reached *** piety under Ashenzari
 17012 | Lair:2   | Reached XP level 12. HP: 115/115 MP: 22/25
 18045 | Lair:3   | Noticed Maud
 18075 | Lair:3   | Killed Maud
 18564 | Lair:3   | Reached **** piety under Ashenzari
 18879 | Lair:4   | Reached skill level 5 in Armour
 18901 | Lair:4   | Found a labyrinth entrance.
 18909 | Lab      | Entered a labyrinth
 19224 | Lab      | Found an exit through the horrors of the Abyss.
 19327 | Lab      | Found an exit through the horrors of the Abyss.
 19523 | Lab      | Noticed a minotaur
 19533 | Lab      | Killed a minotaur
 19533 | Lab      | Identified a +2 rod of clouds (1/13)
 19684 | Lab      | Identified a -1 rod of destruction (10/10)
 19808 | Lair:4   | Noticed an eight-headed hydra
 20038 | Lair:5   | Reached XP level 13. HP: 78/123 MP: 8/26
 20340 | Lair:5   | Found a staircase to the Shoals.
 20903 | Lair:6   | Noticed Kirke
 20921 | Lair:6   | Killed Kirke
 21043 | Lair:5   | Upgraded the game from 0.17-a0-1510-gb3fb22e to 0.17-a0-1522-g6c5b4ba
 21053 | Lair:5   | Noticed a merfolk impaler
 21097 | Lair:4   | Killed an eight-headed hydra
 21220 | Lair:4   | Found a hole to the Spider Nest.
 22071 | Lair:6   | Found a staircase to the Slime Pits.
 22318 | Lair:6   | Reached skill level 10 in Armour
 22382 | Lair:7   | Identified the cursed +0 scale mail of Monotheism {*Confuse rF+ rCorr Stlth+}
 22744 | Lair:7   | Upgraded the game from 0.17-a0-1522-g6c5b4ba to 0.18-a0-1466-g2490093
 22945 | Lair:8   | Entered Level 8 of the Lair of Beasts
 23345 | Lair:8   | Reached XP level 14. HP: 131/131 MP: 27/27
 23537 | Lair:8   | Reached skill level 7 in Fighting
 23597 | Lair:8   | Reached skill level 8 in Fighting
 23765 | Lair:8   | Reached skill level 9 in Fighting
 23865 | Lair:8   | Reached skill level 10 in Spellcasting
 24164 | Lair:8   | Reached skill level 10 in Fighting
 24467 | Lair:8   | Reached skill level 11 in Fighting
 25208 | D:10     | Reached skill level 12 in Fighting
 25563 | Orc:1    | Entered Level 1 of the Orcish Mines
 25563 | Orc:1    | Noticed an orc warlord
 25637 | Orc:1    | Killed an orc warlord
 25679 | Orc:1    | Found a roughly hewn altar of Beogh.
 25689 | Orc:1    | Noticed an orc warlord
 25786 | D:11     | Upgraded the game from 0.18-a0-1466-g2490093 to 0.18-a0-1481-g708b138
 26174 | D:11     | Found Qomisutinn's Antique Weapon Shop.
 26183 | D:11     | Bought a giant spiked club for 53 gold pieces
 26259 | D:11     | Reached XP level 15. HP: 129/158 MP: 30/30
 26428 | D:12     | Reached skill level 13 in Fighting
 27146 | D:12     | Found Peacimes's Distillery.
 27472 | D:12     | Reached skill level 14 in Fighting
 27774 | D:13     | Noticed Frances
 27785 | D:13     | Killed Frances
 27951 | D:13     | Reached skill level 15 in Fighting
 27983 | D:13     | Found a gate to the Vaults.
 28619 | D:14     | Reached skill level 16 in Fighting
 28819 | D:14     | Identified the cursed +0 ring mail of the Many Nights {-Cast rPois rC+++ Dex-2 SInv}
 28902 | D:14     | Noticed Urug
 28916 | D:14     | Killed Urug
 29162 | D:14     | Noticed Rupert
 29192 | D:14     | Killed Rupert
 29192 | D:14     | Reached skill level 17 in Fighting
 29192 | D:14     | Reached XP level 16. HP: 171/183 MP: 21/32
 29368 | D:15     | Entered Level 15 of the Dungeon
 29969 | D:15     | Noticed Sonja
 29976 | D:15     | Killed Sonja
 30087 | D:15     | Reached skill level 18 in Fighting
 30262 | D:15     | Found a staircase to the Depths.
 30295 | D:15     | Upgraded the game from 0.18-a0-1481-g708b138 to 0.18-a0-1526-gcb34c7c
 30397 | D:14     | Paralysed by an ogre mage for 6 turns
 30509 | D:9      | Fell from the grace of Ashenzari
 30509 | D:9      | Became a worshipper of Makhleb the Destroyer
 30862 | Orc:1    | Noticed Snorg
 30878 | Orc:1    | Killed Snorg
 30902 | Orc:1    | Reached * piety under Makhleb
 31155 | Orc:2    | Found a roughly hewn altar of Beogh.
 31158 | Orc:2    | Found a flagged portal.
 31171 | Bailey   | Entered a bailey
 31428 | Orc:2    | Reached ** piety under Makhleb
 31468 | Orc:2    | Reached skill level 19 in Fighting
 31533 | Orc:2    | Found Ledaff's Antique Weapon Emporium.
 31761 | Orc:3    | Reached *** piety under Makhleb
 31979 | Orc:4    | Entered Level 4 of the Orcish Mines
 31997 | Orc:4    | Found a dark tunnel.
 32015 | Volcano  | Entered a volcano
 32300 | Volcano  | Found a burning altar of Makhleb.
 32772 | Orc:4    | Reached **** piety under Makhleb
 32780 | Orc:4    | Noticed Nergalle
 32805 | Orc:4    | Killed Nergalle
 32886 | Orc:4    | Found a roughly hewn altar of Beogh.
 32915 | Orc:4    | Reached skill level 20 in Fighting
 32988 | Orc:4    | Found Plog's Antique Armour Emporium.
 33032 | Orc:4    | Found Pyehy's Jewellery Emporium.
 33042 | Orc:4    | Reached ***** piety under Makhleb
 33090 | Orc:4    | Bought the ring of Nagoos {+Fly rPois rN+++ SInv Stlth-} for 892 gold pieces
 33115 | Orc:4    | Found Muaxarghe's General Store.
 33127 | Orc:4    | Bought a potion of might for 40 gold pieces
 33136 | Orc:4    | Found Cieblos's Antique Weapon Emporium.
 33191 | Orc:4    | Found a staircase to the Elven Halls.
 33200 | Elf:1    | Entered Level 1 of the Elven Halls
 33264 | Elf:1    | Noticed an Ice Fiend
 33276 | Elf:1    | Reached XP level 17. HP: 88/204 MP: 33/33
 33334 | Elf:1    | Identified the Catalogue of Companions
 33412 | Elf:1    | HP: 9/204 [broad axe of electrocution (16)]
 33420 | Elf:1    | Noticed Donald
 33758 | Spider:1 | Entered Level 1 of the Spider Nest
 33758 | Spider:1 | Noticed Azrael
 33779 | Lair:4   | Reached skill level 21 in Fighting
 33944 | Spider:1 | Killed Azrael
 34194 | Spider:1 | Noticed Agnes
 34201 | Spider:1 | Killed Agnes
 34383 | Spider:1 | Gained mutation: You have a pair of small horns on your head. [potion of mutation]
 34383 | Spider:1 | Gained mutation: You are partially covered in slimy green scales (AC +2). [potion of mutation]
 34383 | Spider:1 | Gained mutation: Your mind is acute. (Int +2) [potion of mutation]
 34893 | Spider:1 | Noticed Aizul
 34916 | Spider:1 | Killed Aizul
 35166 | Spider:1 | Drowned

Vault maps used:
D:1:      onia_arrival_handbag
D:2:      kiku_gazebo_pond_becter, nicolae_overflow_hidden_temple,
          lemuel_crystal_altar
D:4:      corexii_shantytown, nicolae_overflow_crystal_walls,
          kennysheep_mini_moat, first_bread
D:5:      grunt_temple_overflow_open
D:6:      fedhas_altar_1, minmay_stone_trees_small
D:7:      temple_statues, serial_shops, shop_fountains
D:8:      serial_shops, nicolae_shop_stone, uniq_gastronok
D:9:      boulder_corridor_run, grunt_temple_overflow_champion_of_chaos,
          serial_shops, nicolae_shop_temple_entry_statues_fountains
D:10:     grunt_lair_entry_elf_guard_hut, david_nohive_1,
          minmay_dual_archer_statues
D:11:     hiddenorc2_lemuel, serial_shops, shop, kennysheep_generic_room_3
D:12:     serial_shops, shop, kennysheep_generic_room_2
D:13:     grunt_vaults_entry_fortified, evilmike_surprise_oklob, uniq_frances
D:14:     hangedman_decor_growths, uniq_urug, uniq_rupert
D:15:     grunt_enter_depths_hoard, kennysheep_doodads, uniq_sonja
Temple:   circular_temple_6
Lair:1:   serial_bayou_shore_a, grunt_megastairs_2
Lair:2:   serial_bayou_shore_b, serial_bayou_shore_b
Lair:3:   uniq_maud
Lair:4:   nicolae_spider_entry_non_spiders, lab_entry_generic
Lair:5:   minmay_shoals_entry_centaurs
Lair:6:   nicolae_slime_entry_slimehenge, serial_bayou_shore_b,
          infiniplex_staircase_pool_2, uniq_kirke
Lair:8:   hangedman_lair_tendril_chambers, hangedman_lair_caniforms_friends,
          nicolae_lair_yak_garden
Spider:1: hangedman_spider_tarantella_strand, uniq_agnes, uniq_aizul,
          uniq_azrael
Orc:1:    basic_altar, uniq_snorg
Orc:2:    basic_altar, serial_shops, shop, enter_bailey_2
Orc:4:    grunt_orc_cross, nicolae_volcano_entry_batcave
Elf:1:    minmay_elf_demonology, uniq_donald
Lab:      labyrinth_spiral, nicolae_lab_checkerboard,
          labyrinth_skeletal_remains, labyrinth_lava_lair, nicolae_lab_swirl,
          nicolae_lab_flowing_pool
Bailey:   bailey_polearm_4, bailey
Volcano:  volcano_lake

Skill      XL: |  1  2  3  4  5  6  7  8  9 10 11 12 13 14 15 16 17 |
---------------+----------------------------------------------------+-----
Spellcasting   | 4 5 6 11 12 | 12.8
Maces & Flails | 1 5 8 14 16 17 | 17.2
Fighting       | 1 5 12 17 20 21 | 21.3
Armour         | 1 5 11 | 11.8
Dodging        | 5 |  9.1
Throwing       | 4 |  4.6
Stealth        | |  1.5
Conjurations   | |  0.6
Summonings     | |  0.6
Translocations | |  0.6

Action                   |  1- 3 |  4- 6 |  7- 9 | 10-12 | 13-15 | 16-18 || total
-------------------------+-------+-------+-------+-------+-------+-------++-------
Melee: Club              |   156 |   104 |       |       |       |       ||   260
       Unarmed           |     1 |       |       |       |       |       ||     1
       Flail             |       |    92 |   291 |       |       |       ||   383
       Giant club        |       |       |    14 |       |       |       ||    14
       Giant spiked club |       |       |   183 |   748 |  1164 |   688 ||  2783
Throw: Large rock        |       |       |       |       |    11 |    32 ||    43
 Cast: Magic Dart        |    84 |    29 |    12 |    15 |       |       ||   140
       Blink             |     2 |     3 |    13 |    15 |     5 |     8 ||    46
       Call Imp          |       |    13 |    25 |    37 |    48 |       ||   123
       Repel Missiles    |       |     2 |     2 |       |     2 |     1 ||     7
       Conjure Flame     |       |     2 |     8 |     6 |     4 |       ||    20
       Mephitic Cloud    |       |     1 |    12 |    61 |    26 |       ||   100
 Abil: Evoke Flight      |       |       |       |       |       |     1 ||     1
Evoke: Wand              |       |       |     4 |    26 |     5 |    38 ||    73
  Use: Scroll            |     5 |     8 |    12 |    21 |    23 |    17 ||    86
       Potion            |     1 |       |     3 |     6 |     4 |    10 ||    24
 Stab: Distracted        |     1 |       |     2 |       |     7 |       ||    10
       Sleeping          |       |     3 |     4 |     3 |     2 |       ||    12
       Confused          |       |     1 |     9 |    37 |     5 |       ||    52
  Eat: Chunk             |     1 |     6 |     7 |    26 |    25 |     7 ||    72
       Beef jerky        |     1 |       |     3 |     3 |       |     1 ||     8
       Meat ration       |     1 |       |     1 |     3 |     1 |       ||     6
       Pizza             |       |     1 |       |     1 |       |     1 ||     3
       Royal jelly       |       |       |     1 |     1 |       |       ||     2
       Fruit             |       |       |     3 |       |     1 |     4 ||     8
       Bread ration      |       |       |       |       |       |     3 ||     3
